 Dungeon Crawl Stone Soup version 0.30-a0-134-gb40fab5c76 (webtiles) character file.

Game seed: 13120400225311136300

1874 funkygono the Firebug (level 8, -11/56 HPs)
             Began as a Demonspawn Fire Elementalist on Sept 19, 2022.
             Was an Initiate of Kikubaaqudgha.
             Killed from afar by a steam dragon (23 damage)
             ... with a ball of steam
             ... on level 7 of the Dungeon.
             The game lasted 00:14:21 (7479 turns).

funkygono the Firebug (DsFE)                        Turns: 7479, Time: 00:14:22

Health: -11/56     AC: 10    Str:  8    XL:     8   Next: 91%
Magic:  4/17       EV: 13    Int: 25    God:    Kikubaaqudgha [......]
Gold:   90         SH:  0    Dex: 14    Spells: 5/19 levels left

rFire   . . .      SeeInvis .    v - +0 falchion (vorpal)
rCold   . . .      Faith    .    (no shield)
rNeg    . . .      Spirit   .    a - +0 robe
rPois   .          Reflect  .    (helmet restricted)
rElec   .          Harm     .    e - +1 cloak
rCorr   .          Rampage  .    (no gloves)
Will    .....                    (no boots)
Stlth   ++........               (no amulet)
HPRegen 0.18/turn                k - +6 ring of intelligence
MPRegen 0.15/turn                F - +4 ring of protection

@: no status effects
A: horns 2, icy blue scales 1, icemail 1, powered by death 1, condensation
shield
a: Renounce Religion


You were on level 7 of the Dungeon.
You worshipped Kikubaaqudgha.
Kikubaaqudgha was noncommittal.
You visited 2 branches of the dungeon, and saw 8 of its levels.

You collected 330 gold pieces.
You spent 240 gold pieces at shops.

Inventory:

Hand Weapons
 d - a +0 dagger
 g - a +1 hammer of protection
 m - a +3 vampiric whip
 p - a +2 dagger of venom
 r - a +2 quarterstaff of chaos
 v - a +0 vorpal falchion (weapon)
Missiles
 u - a throwing net
Armour
 a - a +0 robe (worn)
 e - a +1 cloak (worn)
 h - a +0 helmet
 j - a +1 chain mail of fire resistance
 n - a +0 helmet
 x - a scarf of harm
Magical Staves
 l - a staff of death
Jewellery
 k - a +6 ring of intelligence (left hand)
 w - an amulet of guardian spirit
 F - a +4 ring of protection (right hand)
 G - a ring of wizardry
Wands
 o - a wand of flame (10)
 D - a wand of light (7)
 I - a wand of charming (12)
Scrolls
 c - 4 scrolls of immolation
 t - a scroll of fog
 y - 2 scrolls of identify
 A - 5 scrolls of teleportation
 B - a scroll of poison
 C - a scroll of brand weapon
 E - a scroll of amnesia {unknown}
 H - a scroll of magic mapping {unknown}
 K - a scroll of summoning
 L - a scroll of vulnerability {unknown}
Potions
 b - a potion of magic
 f - 3 potions of might
 i - 6 potions of curing
 q - 2 potions of haste
 s - a potion of cancellation
 z - a potion of brilliance
 J - a potion of resistance


   Skills:
 + Level 2.0 Fighting
 + Level 3.0 Long Blades
 + Level 3.1 Dodging
 - Level 1.7 Stealth
 + Level 1.4 Shields
 + Level 6.0 Spellcasting
 + Level 4.6 Conjurations
 + Level 0.1 Translocations
 + Level 6.1 Fire Magic
 + Level 1.0 Air Magic
 * Level 1.3 Poison Magic


You had 5 spell levels left.
You knew the following spells:

 Your Spells              Type           Power      Damage    Failure   Level
a - Foxfire               Conj/Fire      100%       2x1d9     1%          1
b - Scorch                Fire           76%        2d8       1%          2
c - Kindle Blastsparks    Fire/Tloc/Air  38%        2d13      9%          3
d - Flame Wave            Conj/Fire      34%        2d10      8%          4
e - Olgreb's Toxic Radia  Pois           14%        N/A       38%         4

Your spell library contained the following spells:

 Spells                   Type           Power      Damage    Failure   Level
 Sting                    Tmut/Pois      40%        1d5       5%          1
 Inner Flame              Hex/Fire       22%        N/A       6%          3
 Poisonous Vapours        Pois/Air       26%        N/A       7%          2
 Freeze                   Ice            28%        1d5       8%          1
 Frozen Ramparts          Ice            14%        1d3       22%         3
 Hailstorm                Conj/Ice       19%        3d6       28%         4


Dungeon Overview and Level Annotations

Branches:
Dungeon (7/15)             Temple (1/1) D:7

Altars:
Cheibriados
Dithmenos
Gozag
Hepliaklqana
Kikubaaqudgha
Makhleb
Okawaru
Qazlal
Ru
Sif Muna
Trog
Uskayaw
Vehumet
Wu Jian
Yredelemnul

Shops:
D:2 [   D:6 :


Innate Abilities, Weirdness & Mutations

You have a pair of horns on your head.
You are partially covered in icy blue scales. (AC +2)
A meltable icy envelope protects you from harm. (AC +0)
You regenerate a little health from kills.
A meltable shield of frost defends you. (SH +0)


Message History

Your foxfire dissipates!
The foxfire hits the steam dragon!
The steam dragon is severely wounded.
You hit the gnoll. Your headbutt misses the gnoll.
The gnoll is severely wounded.
The gnoll is engulfed in a cloud of scalding steam.
The gnoll dies!
Casting: Foxfire (safe; 1% risk of failure)
Confirm with . or Enter, or press ? or * to list all spells.
You don't have enough magic to cast this spell.
Unknown command.
Unknown command.
The steam dragon breathes steam at you. The ball of steam hits you.
Casting: Foxfire (safe; 1% risk of failure)
Confirm with . or Enter, or press ? or * to list all spells.
You don't have enough magic to cast this spell.
Unknown command.
Unknown command.
Casting: Foxfire (safe; 1% risk of failure)
Confirm with . or Enter, or press ? or * to list all spells.
You don't have enough magic to cast this spell.
Unknown command.
You hit the steam dragon but do no damage.
The steam dragon is severely wounded.
You are engulfed in a cloud of scalding steam.
The steam dragon barely misses you. The steam dragon claws you.
You barely miss the steam dragon.
The steam dragon is severely wounded.
You are engulfed in a cloud of scalding steam.
* * * LOW HITPOINT WARNING * * *
The steam dragon barely misses you.
The steam dragon claws you but does no damage.
You slash the steam dragon!
The steam dragon is almost dead.
You are engulfed in a cloud of scalding steam.
The steam dragon breathes steam at you. The ball of steam hits you!!
You die...
Kikubaaqudgha rasps: "You have failed me!
Welcome... death!"

######## g #......# #####
..g.#######@.....#######....
..Dg...$.)D......+.....'....
.######.)).......#######....
#.###.#............... ...#
#.#.#.#######..... #####
#.#.#.######......
..#.#.#.).........
###.#.#...........
#.#.#.......###.


You could see a steam dragon (catching breath).

Vanquished Creatures
  A shadow (D:7)
  2 orc warriors (D:6)
  2 ogres
  3 black bears
  A phantom (D:6)
  A bullfrog (D:6)
  A gnoll sergeant (D:6)
  A scorpion (D:5)
  A howler monkey (D:5)
  2 jellies
  Crazy Yiuf (D:2)
  2 orc priests
  2 hounds
  Jessica (D:2)
  A gnoll bouda (D:7)
  4 iguanas
  2 orc wizards (D:4)
  Robin (D:2)
  7 adders
  9 gnolls
  An ufetubus (D:5)
  4 worms
  A dart slug (D:4)
  36 orcs
  10 endoplasms
  4 giant cockroaches
  16 goblins
  14 hobgoblins
  4 jackals
  10 kobolds
  6 quokkas
  8 ball pythons
  10 bats
  3 frilled lizards (D:1)
  6 rats
178 creatures vanquished.

Vanquished Creatures (others)
  2 gnolls (D:7)
  466 foxfires
468 creatures vanquished.

Grand Total: 646 creatures vanquished

Notes
Turn   | Place    | Note
-------+----------+-------------------------------------------
     0 | D:1      | funkygono the Demonspawn Fire Elementalist began the quest
                  | for the Orb.
     0 | D:1      | Reached XP level 1. HP: 13/13 MP: 3/3
   228 | D:1      | Gained mutation: A meltable shield of frost defends you.
                  | (SH +0) [demonic ancestry]
   228 | D:1      | Reached XP level 2. HP: 19/19 MP: 1/5
   231 | D:1      | Learned a level 2 spell: Scorch
   834 | D:1      | Found a faded altar of an unknown god.
   905 | D:1      | Gained mutation: A meltable icy envelope protects you from
                  | harm. (AC +0) [demonic ancestry]
   905 | D:1      | Reached XP level 3. HP: 24/24 MP: 3/6
   909 | D:1      | Learned a level 3 spell: Kindle Blastsparks
  1505 | D:2      | Found Jupla's Antique Armour Shoppe.
  1655 | D:2      | Noticed Robin
  1658 | D:2      | Noticed Jessica
  1935 | D:2      | Killed Jessica
  1936 | D:2      | Reached XP level 4. HP: 30/30 MP: 0/7
  1993 | D:2      | Killed Robin
  2809 | D:2      | Found a runed translucent door.
  2810 | D:2      | Noticed Crazy Yiuf
  2816 | D:2      | Killed Crazy Yiuf
  2817 | D:2      | Gained mutation: You regenerate a little health from kills.
                  | [demonic ancestry]
  2817 | D:2      | Reached XP level 5. HP: 35/35 MP: 2/9
  2907 | D:2      | Learned a level 4 spell: Flame Wave
  3438 | D:3      | Found a snail-covered altar of Cheibriados.
  4185 | D:4      | Found a shimmering blue altar of Sif Muna.
  4231 | D:4      | Gained mutation: You have a pair of small horns on your
                  | head. [demonic ancestry]
  4231 | D:4      | Reached XP level 6. HP: 18/41 MP: 5/11
  5175 | D:5      | Entered Level 5 of the Dungeon
  5538 | D:5      | Reached skill level 5 in Fire Magic
  5541 | D:5      | Gained mutation: You are partially covered in icy blue
                  | scales. (AC +2) [demonic ancestry]
  5541 | D:5      | Reached XP level 7. HP: 46/46 MP: 5/12
  5584 | D:5      | Reached skill level 1 in Long Blades
  5836 | D:5      | Found a hazy altar of Hepliaklqana.
  6068 | D:6      | Reached skill level 1 in Shields
  6104 | D:6      | Reached skill level 1 in Fighting
  6118 | D:5      | Reached skill level 5 in Spellcasting
  6118 | D:5      | Gained mutation: You have a pair of horns on your head.
                  | [demonic ancestry]
  6118 | D:5      | Reached XP level 8. HP: 27/54 MP: 2/15
  6259 | D:6      | Reached skill level 1 in Air Magic
  6525 | D:6      | Found an ornate altar of the Wu Jian Council.
  6593 | D:6      | Found Asaa's Book Shoppe.
  7047 | D:6      | Bought a Young Poisoner's Handbook for 240 gold pieces
  7052 | D:6      | Learned a level 4 spell: Olgreb's Toxic Radiance
  7080 | D:7      | Found a staircase to the Ecumenical Temple.
  7105 | D:7      | Reached skill level 1 in Poison Magic
  7111 | Temple   | Entered the Ecumenical Temple
  7181 | Temple   | Became a worshipper of Kikubaaqudgha
  7479 | D:7      | Killed from afar by a steam dragon

Illustrated notes

Levels and vault maps discovered:
D:1:      scummos_arrival_forest, layout_loops_ring,
          nicolae_ecumenical_lake_church, dreamdust_princess_corridor
D:2:      layout_basic, serial_co_window_serial, co_window_corner_a,
          co_window_of_opportunity_a, co_window_corner_a, co_window_corner_a,
          co_window_paths_a, co_window_paths_a, co_window_paths_b,
          co_window_of_opportunity_b, co_window_broadway_c,
          co_window_of_opportunity_b, co_window_2corner, glass_columns_a,
          serial_shops, shop, kennysheep_generic_room_4,
          uniq_crazy_yiuf_cottage, uniq_jessica, uniq_robin
D:3:      layout_rooms, lemuel_round_altar
D:4:      layout_loops_corners, led_sif_book, chequers_serial_rivers_large_a
D:5:      layout_gridville, worldfamousw_hep_ancestral_shrine
D:6:      layout_rooms, nzn_wu_jian_council_hall, serial_shops,
          nicolae_square_shop, minmay_fractal_squares_gapless_5
D:7:      layout_basic, temple_pool_b
Temple:   nicolae_temple_superstar

Skill      XL: |  1  2  3  4  5  6  7  8 |
---------------+-------------------------+-----
Fire Magic     | 3 4 5 6 |  6.1
Dodging        | 2 3 |  3.1
Conjurations   | 2 3 4 |  4.6
Spellcasting   | 3 5 6 |  6.0
Long Blades    | 2 3 |  3.0
Shields        | 1 |  1.4
Fighting       | 1 2 |  2.0
Air Magic      | 1 |  1.0
Poison Magic   | 1 |  1.3
Stealth        | |  1.7
Translocations | |  0.1

Action                   |  1- 3 |  4- 6 |  7- 9 || total
-------------------------+-------+-------+-------++-------
Melee: Unarmed           |     1 |       |       ||     1
       Dagger            |    18 |     5 |       ||    23
       Falchion          |       |     7 |    49 ||    56
       Punch             |       |     2 |       ||     2
       Headbutt          |       |       |     8 ||     8
 Cast: Foxfire           |    70 |   130 |    73 ||   273
       Scorch            |     5 |     8 |     5 ||    18
       Flame Wave        |       |       |     4 ||     4
       Kindle Blastspark |       |       |     2 ||     2
  Use: Scroll            |       |    13 |     1 ||    14
Armor: Robe              |    15 |    18 |    27 ||    60
Dodge: Dodged            |    26 |    13 |    41 ||    80
Block: Other             |     3 |    13 |    19 ||    35

Table legend: (Time is in decaauts)
 A = Elapsed time spent in this place.
 B = Non-inter-level travel time spent in this place.
 C = Inter-level travel time spent in this place.
 D = Time resting spent in this place.
 E = Time spent auto-exploring this place.
 F = Levels seen in this place.
 G = Mean time per level.
                   A        B        C        D        E       F      G
               +--------+--------+--------+--------+--------+-----+--------+
         Total |   7505 |   7203 |    302 |    885 |   5138 |   8 |  938.1 |
       Dungeon |   7338 |   7055 |    283 |    885 |   5015 |   7 | 1048.3 |
        Temple |    167 |    149 |     18 |      0 |    123 |   1 |  167.0 |
               +--------+--------+--------+--------+--------+-----+--------+

Top non-repeatable levels by time:
     D:1: 1693 daAuts
     D:4: 1532 daAuts
     D:2: 1331 daAuts
     D:5: 960 daAuts
     D:6: 934 daAuts
     D:3: 630 daAuts
     D:7: 255 daAuts
  Temple: 167 daAuts
